 Dungeon Crawl Stone Soup version 0.17-a0-146-gd505748 (webtiles) character file.

60 PolkaDot the Sneak (level 3, -2/24 HPs)
             Began as a Vampire Enchanter on Mar 25, 2015.
             Slain by an adder (5 damage)
             ... on level 2 of the Dungeon.
             The game lasted 00:04:18 (2501 turns).

PolkaDot the Sneak (Vampire Enchanter)              Turns: 2501, Time: 00:04:18

Health: -2/24      AC:  2    Str:  7    XL:     3   Next: 80%
Magic:  0/6        EV: 12    Int: 18    God:
Gold:   80         SH:  0    Dex: 14    Spells: 3 memorised, 0 levels left

rFire  . . .     SeeInvis +     a - +1 dagger
rCold  + + .     Clarity  .     i - +0 robe (curse)
rNeg   + + +     SustAb   .     (no shield)
rPois  +         Gourm    .     (no helmet)
rElec  .         Spirit   .     (no cloak)
rCorr  .         Warding  .     (no gloves)
rMut   .         Stasis   .     (no boots)
MR     .....                    (no amulet)
Stlth  ++++......               (no ring)
                                (no ring)

@: lethally poisoned (-2 -> -9), regenerating slowly, not resistant to hostile
enchantments, stealthy
A: bottle blood, fangs 3, see invisible, spit poison 1, unbreathing
a: Spit Poison, Bat Form


You were on level 2 of the Dungeon.
You were near bloodless.

You visited 1 branch of the dungeon, and saw 2 of its levels.

You collected 80 gold pieces.

Inventory:

Hand weapons
 a - a +1 dagger (weapon)
Armour
 i - a cursed +0 robe (worn)
Scrolls
 b - a scroll of magic mapping {unknown}
 e - a scroll of recharging {unknown}
 f - 3 scrolls of remove curse {unknown}
 g - a scroll of identify {unknown}
 h - 3 scrolls of enchant armour {unknown}
Books
 c - a book of Maledictions

   Spells                             Type                      Level
   a - Corona                         Hexes                        1
   b - Ensorcelled Hibernation        Hexes/Ice                    2
   c - Confuse                        Hexes                        3
   d - Dazzling Spray                 Conjuration/Hexes            3
   e - Enslavement                    Hexes                        4


   Skills:
 + Level 1.7 Short Blades
 - Level 2.1 Dodging
 + Level 5.5 Stealth
 - Level 2.0 Spellcasting
 * Level 5.4 Hexes
 - Level 1.3 Ice Magic


You couldn't memorise any spells.
You knew the following spells:

 Your Spells              Type           Power        Failure   Level  Hunger
a - Corona                Hex            ###....      1%          1    #......
c - Confuse               Hex            ###.....     10%         3    ###....
d - Ensorcelled Hibernat  Hex/Ice        ##....       10%         2    ###....


Dungeon Overview and Level Annotations

Branches:
Dungeon (2/15)

Altars:
Okawaru


Innate Abilities, Weirdness & Mutations

You heal slowly.
You can bottle blood from corpses.
You have razor-sharp teeth.
You have supernaturally acute eyesight.
You can survive without breathing.
You can spit poison.


Message History

* * * LOW HITPOINT WARNING * * *
You are lethally poisoned!
The adder poisons you!
Drink which item? (? for menu, Esc to quit)
It was a potion of lignification.
You feel woody for a moment. The adder misses you.
Drink which item? (? for menu, Esc to quit)
It was a potion of beneficial mutation.
There is a nasty taste in your mouth for a moment.
You feel fantastic!
* * * LOW HITPOINT WARNING * * *
You feel sick. The adder bites you but does no damage. The adder misses you.
Adjust (i)tems, (s)pells, or (a)bilities?
Adjust which ability?
No such ability.
Use which ability? (? or * to list)
Press: ? - help, Shift-Dir - straight line, f/p - adder
Aim: an adder (lightly wounded, softly glowing)
You fail to use your ability.
The adder bites you.
You die...

. .........# ##.#.##.......
.........##### #.#.######...
.........#...# #.#.#########
..........#...# #............
#######.##...#####..#########
.....................###
...................>..#
......................#
...........S@.........#
.........###########.#
.......#.# #.# #######.# #.#
##########.# #.# ...........#
#.# ##########.# ### #.# #.#


You could see an adder.

Vanquished Creatures
  An adder (D:2)
  A giant mite (D:1)
  A worm (D:2)
  A giant gecko (D:1)
  4 bats
  3 hobgoblins (D:1)
  11 jackals
  3 giant cockroaches
  2 goblins
  4 kobolds
  A rat (D:2)
32 creatures vanquished.

Notes
Turn   | Place    | Note
--------------------------------------------------------------
     0 | D:1      | PolkaDot, the Vampire Enchanter, began the quest for the Orb.
     0 | D:1      | Reached XP level 1. HP: 13/13 MP: 3/3
   497 | D:1      | Reached skill level 5 in Stealth
   497 | D:1      | Reached XP level 2. HP: 7/19 MP: 2/4
   728 | D:1      | Learned a level 2 spell: Ensorcelled Hibernation
  1176 | D:1      | Reached skill level 5 in Hexes
  1626 | D:2      | Reached XP level 3. HP: 18/24 MP: 6/6
  1733 | D:2      | Learned a level 3 spell: Confuse
  1735 | D:2      | Found an iron altar of Okawaru.
  2325 | D:2      | Reached skill level 1 in Ice Magic
  2500 | D:2      | Gained mutation: You can spit poison. [potion of beneficial mutation]
  2501 | D:2      | Slain by an adder

Action                   || total
-------------------------++-------
Melee: Dagger            ||   118
 Cast: Corona            ||     8
       Ensorcelled Hiber ||    21
       Confuse           ||     1
  Use: Potion            ||     3
 Stab: Sleeping          ||    14
       Confused          ||     1
